 Dungeon Crawl Stone Soup version 0.19.0-2-gae57169 (webtiles) character file.

28 Gargoyl the Skirmisher (level 2, 0/24 HPs)
             Began as a Demonspawn Abyssal Knight on Nov 5, 2016.
             Was a Follower of Lugonu.
             Killed from afar by Sigmund (4 damage)
             ... with a magic dart
             ... on level 2 of the Dungeon.
             The game lasted 00:03:01 (937 turns).

Gargoyl the Skirmisher (Demonspawn Abyssal Knight)   Turns: 937, Time: 00:03:02

Health: 0/24       AC:  6    Str: 12    XL:     2   Next: 96%
Magic:  4/4        EV: 18    Int: 13    God:    Lugonu [*.....]
Gold:   103        SH:  0    Dex: 12    Spells: 0 memorised, 1 level left

rFire  + + .     SeeInvis .     (weapon currently unavailable)
rCold  + + .     Gourm    .     (armour currently unavailable)
rNeg   + + +     Faith    .     (shield currently unavailable)
rPois  ∞         Spirit   .     (helmet currently unavailable)
rElec  +         Reflect  .     (cloak currently unavailable)
rCorr  +         Harm     .     (gloves currently unavailable)
MR     .....                    (boots currently unavailable)
Stlth  +.........               (amulet currently unavailable)
                                (ring currently unavailable)
                                (ring currently unavailable)

@: wisp-form (expiring), flying, quick
A: (iridescent scales 0)
a: Depart the Abyss, Renounce Religion


You were on level 2 of the Dungeon.
You worshipped Lugonu.
Lugonu was aware of your devotion.
You were not hungry.
You were an insubstantial wisp.
You visited 1 branch of the dungeon, and saw 2 of its levels.
You visited the Abyss 1 time.

You collected 103 gold pieces.

Inventory:

Hand Weapons
 a - a +1 hand axe
 e - a +5 glaive (melded)
Missiles
 l - 4 tomahawks (quivered)
Armour
 f - a +1 ring mail of positive energy (melded)
 i - a +0 pair of gloves (melded)
Jewellery
 p - an uncursed ring of wizardry {unknown}
Scrolls
 d - a scroll of magic mapping {unknown}
 j - a scroll of identify {unknown}
 k - a scroll of remove curse {unknown}
 m - a scroll of blinking {unknown}
Comestibles
 c - 3 bread rations


   Skills:
 + Level 3.1 Fighting
 + Level 1.9(2.0) Axes
 + Level 0.6(1.4) Polearms
 * Level 2.4 Armour
 + Level 1.0 Dodging
 * Level 2.9 Invocations


You had one spell level left.
You didn't know any spells.

Dungeon Overview and Level Annotations

Branches:
Dungeon (2/15)

Altars:

Annotations:
D:2 Sigmund


Innate Abilities, Weirdness & Mutations

((You are partially covered in iridescent scales. (AC +2)))


Message History

Sigmund gestures at you while chanting. You resist with significant effort.
You touch Sigmund but do no damage.
Sigmund is heavily wounded.
Sigmund looks at you with fury. Sigmund casts a spell at you.
You resist with significant effort.
You touch Sigmund.
Sigmund is heavily wounded.
Sigmund misses you.
You barely miss Sigmund.
Sigmund is heavily wounded.
Sigmund completely misses you.
You closely miss Sigmund.
Sigmund is heavily wounded.
You touch Sigmund.
Sigmund is severely wounded.
Sigmund gestures at you while chanting. The magic dart hits you!
You die...

# #.
.###
..#
#.#
#.#
#@#
#v#
#.#
#.#
#.#
#.#
#.#
#.#
..#
###


You could see Sigmund.

Vanquished Creatures
  An ooze (D:1)
  A dart slug (D:1)
  4 bats (D:1)
  2 goblins (D:1)
  2 hobgoblins (D:1)
  3 jackals (D:1)
  2 frilled lizards (D:1)
  3 kobolds (D:1)
  A rat (D:1)
19 creatures vanquished.

Notes
Turn   | Place    | Note
-------+----------+-------------------------------------------
     0 | Abyss:1  | Gargoyl the Demonspawn Abyssal Knight began the quest for the Orb.
     0 | Abyss:1  | Reached XP level 1. HP: 18/18 MP: 2/2
    38 | Abyss:1  | Noticed a large abomination
    42 | Abyss:2  | Found a corrupted altar of Lugonu.
    75 | Abyss:2  | Noticed a large abomination
   100 | Abyss:2  | Noticed a ynoxinul
   117 | Abyss:2  | Noticed a large abomination
   121 | D:1      | Escaped the Abyss
   263 | D:1      | Reached * piety under Lugonu
   284 | D:1      | Gained mutation: You are partially covered in iridescent scales. (AC +2) [demonic ancestry]
   284 | D:1      | Reached XP level 2. HP: 10/24 MP: 4/4
   622 | D:1      | Reached skill level 1 in Dodging
   879 | D:2      | Noticed Sigmund
   937 | D:2      | Killed from afar by Sigmund

Skill      XL: |  1  2 |
---------------+-------+-----
Armour         | 2 |  2.4
Dodging        | 1 |  1.0
Fighting       | |  3.1
Axes           | |  1.9
Polearms       | |  0.6
Invocations    | |  2.9

Action                   || total
-------------------------++-------
Melee: Glaive            ||    58
       Unarmed           ||     9
Invok: Depart the Abyss  ||     1
  Use: Potion            ||     3
       Scroll            ||     2
Armor: Ring mail         ||    49
       Skin              ||     3
Dodge: Dodged            ||    57
